Warning! The script has encountered some errors when parsing the replay. Please report them to the . » details
0x00, prev: 0x16: 16 02 02 00 DE 66 00 00 B4 76 02 00 D6 66 00 00 56 A6 01 00 [00] 00 00 00 00 00 00 00 00 00 00 00 00 00 00 00 00 00 00 00 00 00 00 00 00 00
0x00, prev: 0x00: 16 02 02 00 DE 66 00 00 B4 76 02 00 D6 66 00 00 56 A6 01 00 00 00 00 00 00 00 00 00 00 00 00 00 00 00 00 00 00 00 00 00 00 00 00 00 [00] 00
0x00, prev: 0x01: 16 02 04 00 1B 54 00 00 00 C6 00 00 FB 53 00 00 37 D3 00 00 4B 57 00 00 B0 B3 00 00 19 67 00 00 4B 59 01 00 00 00 00 00 00 00 00 00 00 00 00 00 00 00 00 00 00 00 00 00 00 00 00 00 01 [00]
0x00, prev: 0x02: 16 02 01 00 DD 68 00 00 53 3D 05 00 00 00 00 00 00 00 00 00 00 00 00 00 00 00 00 00 00 00 00 00 00 00 00 00 02 [00] 04 1F 00 12 00 00 03 00 0D 00 FF FF FF FF FF FF FF FF 0E 6D 87 C5 5A 2E 98 45 FF FF FF FF FF FF FF FF
0x00, prev: 0x04: 16 02 08 00 39 5C 00 00 FA B1 00 00 4B 23 00 00 C4 CD 01 00 BB 55 00 00 24 07 02 00 67 5A 00 00 29 9A 02 00 6C 5E 00 00 BD 10 01 00 9B 66 00 00 DC 34 01 00 A3 66 00 00 FD A9 01 00 48 67 00 00 FD D2 01 00 00 00 00 00 00 00 00 00 00 00 00 00 00 00 00 00 00 00 00 00 00 00 00 00 04 [00]
0x00, prev: 0x05: 16 02 01 00 6F 67 00 00 01 46 05 00 00 00 00 00 00 00 00 00 00 00 00 00 00 00 00 00 00 00 00 00 00 00 00 00 05 [00]
0x08, prev: 0x00: 16 02 01 00 5B 44 00 00 2F E3 07 00 00 00 00 00 00 00 00 00 00 00 00 00 00 00 00 00 00 00 00 00 00 00 00 00 [08] 00
0x0B, prev: 0x00: 16 02 01 00 A5 6A 00 00 8F B4 03 00 00 00 00 00 00 00 00 00 00 00 00 00 00 00 00 00 00 00 00 00 00 00 00 00 [0B] 00
0x09, prev: 0x00: 16 02 01 00 0B 64 00 00 ED 01 0B 00 00 00 00 00 00 00 00 00 00 00 00 00 00 00 00 00 00 00 00 00 00 00 00 00 [09] 00 03 1F 00 12 00 00 03 00 0D 00 FF FF FF FF FF FF FF FF 02 11 25 45 CC 6F 21 C5 FF FF FF FF FF FF FF FF 03 1F 00 12 00 00 03 00 0D 00 FF FF FF FF FF FF FF FF EF 5E 22 45 B3 94 22 C5 FF FF FF FF FF FF FF FF
General information
- name: BNet
- type: Ladder team game (AT/RT)
- host: Battle.net
- saver: kunt.roII
map: Goldshire
- players: 4
- length: 42:16
- speed: Fast
- version: 1.23 W3XP
- replay type: Public
» download(247 KB)
Players
team 1 (winner)
BirthdaySex (
purple | 57 APM | 2249 actions | 39:17)
4 Priestess of the Moon
2 Searing Arrows
2 Trueshot Aura
» actions
| Assign group hotkey | 30 | |
| Basic commands | 27 | |
| Build / train | 44 | |
| Enter build submenu | 24 | |
| Enter hero's abilities submenu | 4 | |
| Remove unit from queue | 10 | |
| Right click | 1290 | |
| Select / deselect | 396 | |
| Select group hotkey | 342 | |
| Use ability | 82 | |
2249 total
» units
| Wisp | 17 | |
| Huntress | 7 | |
| Glaive Thrower | 2 | |
26 total
» upgrades
| Moon Armor | 1 | |
| Strength of the Moon | 1 | |
| Vorpal Blades | 1 | |
3 total
» buildings
| Altar of Elders | 1 | |
| Moon Well | 5 | |
| Hunter's Hall | 1 | |
| Ancient of War | 3 | |
| Tree of Life | 5 | |
| Tree of Ages | 2 | |
| Ancient of Wind | 1 | |
| Ancient Protector | 4 | |
22 total
» build order
00:07 Altar of Elders
00:18 Moon Well
01:51 Hunter's Hall
01:53 Ancient of War
01:54 Ancient of War
02:00 Ancient of War
02:15 Moon Well
02:19 Moon Well
03:56 Moon Well
04:37 Moon Well
04:47 Tree of Ages
07:33 Ancient of Wind
09:35 Ancient Protector
09:37 Ancient Protector
09:44 Ancient Protector
10:22 Ancient Protector
11:51 Tree of Life
12:24 Tree of Life
13:26 Tree of Life
» items
| Scroll of Healing | 1 | |
| Dust of Appearance | 2 | |
| Potion of Healing | 1 | |
4 total
RoD_RagE (
red | 181 APM | 7093 actions | 39:17)
5 Death Knight
3 Death Coil
2 Unholy Aura
4 Lich
2 Frost Nova
2 Frost Armor
3 Crypt Lord
2 Impale
1 Spiked Carapace
» actions
| Assign group hotkey | 111 | |
| Basic commands | 6 | |
| Build / train | 114 | |
| ESC pressed | 4 | |
| Enter build submenu | 26 | |
| Enter hero's abilities submenu | 12 | |
| Give item / drop item | 8 | |
| Right click | 3193 | |
| Select / deselect | 1077 | |
| Select group hotkey | 1956 | |
| Use ability | 586 | |
7093 total
» units
| Acolyte | 16 | |
| Ghoul | 1 | |
| Crypt Fiend | 12 | |
| Obsidian Statue | 5 | |
| Necromancer | 1 | |
| Frost Wyrm | 8 | |
| Goblin Zeppelin | 1 | |
44 total
» upgrades
| Necromancer Training | 1 | |
| Creature Attack | 2 | |
| Destroyer Form | 1 | |
| Web | 1 | |
| Creature Carapace | 1 | |
6 total
» buildings
| Graveyard | 2 | |
| Crypt | 1 | |
| Altar of Darkness | 1 | |
| Ziggurat | 11 | |
| Tomb of Relics | 1 | |
| Nerubian Tower | 2 | |
| Halls of the Dead | 1 | |
| Slaughterhouse | 1 | |
| Sacrificial Pit | 2 | |
| Temple of the Damned | 1 | |
| Black Citadel | 4 | |
| Boneyard | 1 | |
| Spirit Tower | 7 | |
35 total
» build order
00:08 Graveyard
00:10 Graveyard
00:11 Crypt
00:33 Altar of Darkness
00:42 Ziggurat
00:57 Tomb of Relics
02:04 Ziggurat
02:39 Ziggurat
02:50 Nerubian Tower
03:51 Halls of the Dead
04:37 Black Citadel
06:44 Ziggurat
07:42 Boneyard
08:39 Ziggurat
08:40 Ziggurat
10:53 Spirit Tower
10:53 Spirit Tower
10:53 Spirit Tower
11:28 Spirit Tower
22:17 Sacrificial Pit
32:29 Ziggurat
32:30 Ziggurat
33:25 Nerubian Tower
33:26 Spirit Tower
» items
| Rod of Necromancy | 5 | |
| Dust of Appearance | 6 | |
| Scroll of Town Portal | 4 | |
| Orb of Corruption | 2 | |
| Scroll of Healing | 2 | |
| Potion of Mana | 1 | |
| Potion of Lesser Invulnerability | 1 | |
21 total
team 2 (loser)

»
kunt.roII (
teal | 147 APM | 5785 actions | 39:17)
3 Archmage
2 Blizzard
1 Brilliance Aura
4 Blood Mage
2 Flame Strike
2 Siphon Mana
1 Dark Ranger
1 Silence
» actions
| Assign group hotkey | 25 | |
| Basic commands | 49 | |
| Build / train | 109 | |
| ESC pressed | 9 | |
| Enter build submenu | 68 | |
| Enter hero's abilities submenu | 8 | |
| Give item / drop item | 8 | |
| Right click | 2400 | |
| Select / deselect | 349 | |
| Select group hotkey | 2493 | |
| Use ability | 266 | |
5785 total
» units
| Peasant | 14 | |
| Goblin Zeppelin | 1 | |
| Sorceress | 5 | |
| Priest | 4 | |
| Goblin Shredder | 4 | |
28 total
» upgrades
| Masonry | 3 | |
| Magic Sentry | 1 | |
| Sorceress Training | 3 | |
| Priest Training | 1 | |
8 total
» buildings
| Altar of Kings | 1 | |
| Farm | 7 | |
| Scout Tower | 49 | |
| Arcane Tower | 11 | |
| Lumber Mill | 1 | |
| Guard Tower | 25 | |
| Keep | 3 | |
| Arcane Sanctum | 1 | |
| Castle | 1 | |
| Town Hall | 3 | |
| Arcane Vault | 1 | |
103 total
» build order
00:12 Altar of Kings
00:29 Farm
00:34 Scout Tower
01:07 Arcane Tower
01:08 Scout Tower
01:18 Lumber Mill
01:31 Scout Tower
01:43 Farm
01:55 Arcane Tower
01:57 Scout Tower
02:27 Farm
02:30 Guard Tower
02:31 Scout Tower
02:48 Scout Tower
02:49 Guard Tower
02:49 Guard Tower
03:21 Scout Tower
03:22 Guard Tower
03:41 Guard Tower
04:08 Scout Tower
04:24 Keep
04:24 Keep
04:37 Arcane Sanctum
05:10 Farm
05:10 Farm
05:38 Castle
05:42 Guard Tower
05:44 Scout Tower
05:45 Scout Tower
06:28 Scout Tower
07:24 Guard Tower
07:25 Scout Tower
07:28 Scout Tower
07:36 Arcane Tower
07:36 Arcane Tower
08:22 Guard Tower
09:03 Farm
09:03 Farm
10:26 Town Hall
10:47 Scout Tower
10:47 Scout Tower
11:14 Scout Tower
11:14 Scout Tower
11:15 Scout Tower
11:15 Scout Tower
11:16 Scout Tower
11:16 Scout Tower
11:46 Guard Tower
11:50 Scout Tower
11:50 Scout Tower
12:51 Guard Tower
13:28 Scout Tower
13:29 Scout Tower
13:30 Scout Tower
13:55 Scout Tower
13:56 Scout Tower
14:22 Guard Tower
14:24 Scout Tower
14:41 Arcane Tower
14:46 Arcane Tower
14:46 Arcane Tower
15:02 Arcane Vault
15:25 Guard Tower
15:51 Scout Tower
16:49 Guard Tower
16:49 Guard Tower
17:03 Guard Tower
18:24 Scout Tower
18:25 Scout Tower
18:29 Scout Tower
18:31 Scout Tower
18:47 Scout Tower
18:48 Scout Tower
19:24 Arcane Tower
19:28 Scout Tower
19:29 Scout Tower
20:21 Guard Tower
20:24 Guard Tower
21:39 Scout Tower
21:40 Scout Tower
21:40 Scout Tower
21:56 Scout Tower
21:57 Scout Tower
21:59 Scout Tower
22:23 Guard Tower
22:52 Guard Tower
22:55 Town Hall
23:59 Arcane Tower
24:00 Arcane Tower
30:58 Town Hall
» items
| Boots of Speed | 3 | |
| Staff of Teleportation | 5 | |
| Circlet of Nobility | 2 | |
| Healing Salve | 2 | |
| Orb of Lightning | 2 | |
| Staff of Sanctuary | 3 | |
17 total
Learn2PlayHere (
yellow | 56 APM | 2201 actions | 39:17)
4 Blademaster
2 Wind Walk
2 Critical Strike
» actions
| Assign group hotkey | 3 | |
| Build / train | 46 | |
| ESC pressed | 2 | |
| Enter build submenu | 37 | |
| Enter hero's abilities submenu | 4 | |
| Give item / drop item | 4 | |
| Remove unit from queue | 1 | |
| Right click | 1532 | |
| Select / deselect | 292 | |
| Select group hotkey | 152 | |
| Use ability | 128 | |
2201 total
» units
| Peon | 11 | |
| Goblin Shredder | 1 | |
| Troll Batrider | 8 | |
20 total
» upgrades
| Ranged Weapons | 2 | |
| Liquid Fire | 1 | |
3 total
» buildings
| Altar of Storms | 2 | |
| Orc Burrow | 8 | |
| War Mill | 2 | |
| Voodoo Lounge | 2 | |
| Watch Tower | 15 | |
| Stronghold | 1 | |
| Beastiary | 4 | |
| Fortress | 1 | |
| Great Hall | 1 | |
36 total
» build order
00:14 Altar of Storms
00:23 Orc Burrow
00:34 War Mill
01:04 Voodoo Lounge
02:04 Watch Tower
03:05 Orc Burrow
03:09 Watch Tower
04:05 Watch Tower
04:06 Stronghold
04:15 Watch Tower
04:37 Watch Tower
04:39 Beastiary
05:31 Orc Burrow
05:34 Fortress
06:04 Watch Tower
06:05 Watch Tower
06:31 Orc Burrow
07:12 Watch Tower
07:13 Watch Tower
07:36 Watch Tower
09:01 Voodoo Lounge
11:17 Beastiary
11:18 Beastiary
14:17 Orc Burrow
14:18 Orc Burrow
14:20 Orc Burrow
14:21 Orc Burrow
14:35 Altar of Storms
17:08 War Mill
22:39 Great Hall
» items
| Healing Salve | 4 | |
| Lesser Clarity Potion | 5 | |
| Scroll of Speed | 1 | |
| Boots of Speed | 1 | |
| Staff of Teleportation | 1 | |
| Circlet of Nobility | 1 | |
| Orb of Lightning | 2 | |
15 total
Chat log
(00:03 / Allies) kunt.roII: YE
(00:06 / Allies) Learn2PlayHere: YES!!
(00:09 / Allies) Learn2PlayHere: im happy :D
(00:14 / All) kunt.roII: ^^^
(00:15 / All) kunt.roII: gl hf
(00:40 / Allies) kunt.roII: feed a lil bc first tower
(00:51 / Allies) Learn2PlayHere: 1 sec
(00:58 / Allies) kunt.roII: get shop
(01:00 / Allies) kunt.roII: first yeah
(01:30 / Allies) Learn2PlayHere: orc alter is so bright and shiny when its working
(01:37 / Allies) kunt.roII: zzzzzttttzttt
(01:40 / Allies) Learn2PlayHere: lol
(01:59 / Allies) kunt.roII: get on vent real quik
(02:54 / All) kunt.roII: plz die cat woman
(05:53 / All) RoD_RagE: thx
(07:08 / All) kunt.roII: TT
(13:15 / All) kunt.roII: lalw
(14:00 / All) kunt.roII: thx
(16:16 / All) kunt.roII: LOL
(16:17 / All) kunt.roII: NO SHADE
(16:19 / All) kunt.roII: WTF HACK DUST?
(19:56 / All) kunt.roII: LOL
(20:01 / All) Learn2PlayHere: ahahaha
(20:09 / All) kunt.roII: LOLOLOL
(20:26 / All) kunt.roII: HACK MUCH PLZ LOL
(22:30 / All) kunt.roII: U guys always this obvious
(22:32 / All) kunt.roII: ?
(23:21 / All) kunt.roII: u guys got drophack too?
(23:29 / All) kunt.roII: might asl well save yourself the time
(24:13 / All) kunt.roII: LOL
(25:10 / All) kunt.roII: lololol
(31:15 / All) kunt.roII: lolol
(32:47 / All) kunt.roII: just a wuestion
(32:50 / All) kunt.roII: why do you guys maphack
(33:05 / All) kunt.roII: like is there any reason
(33:13 / All) kunt.roII: lke u cant get wins without it? or just think its more fun?
(33:15 / All) kunt.roII: just wondering
(33:20 / All) kunt.roII: what makes noob trash so noob
(33:43 / All) kunt.roII: I like how u wait till its amost done
(35:55 / All) kunt.roII: lololol
(36:01 / All) kunt.roII: i like how u guys obviously Hack
(36:10 / All) kunt.roII: you dont even talk shit about it youre trying so hard to get a win with maphack
(36:11 / All) kunt.roII: lolololl
(38:59 / All) kunt.roII: loll
(39:03 / All) kunt.roII: your hacking is such hilarity
(39:15 / All) kunt.roII: gg shitnoobs